[Event "*** Titled Tuesday Blitz"]
[Site "Chess.com"]
[Date "2018.08.07"]
[Round "5"]
[White "GameOverBro"]
[Black "2Tilted"]
[Result "0-1"]
[WhiteElo "2373"]
[BlackElo "2338"]
[TimeControl "180+2"]
[EndTime "14:04:36 PDT"]
[Termination "2Tilted won by resignation"]

1. e4 c5 2. Ne2 Nc6 3. Nbc3 e6 4.
g3 g6 5. d4 cxd4 6. Nxd4 a6 7.
Be3 Qc7 8. Bg2 d6 9. O-O Bd7 10. a4 Ne5 11. h3 b6 12. Qe2 Ne7 13. f4 Nc4 14. Bf2 Ra7 15. b3 Na5 16. Qd2 Bg7 17.
Nce2 O-O 18. Rab1 Rc8 19. c4 e5 20. Nf3 Nac6 21. Rfd1 exf4 22. gxf4 Bh6 23. Qxd6 Qxd6 24. Rxd6 Rb7 25. Rbd1 Be8 26. Ng5 b5 27. axb5 axb5 28. c5 Bf8 29. e5 h6 30. Ne4 Ra7 31. Nf6+ Kg7 32. Nd4 Nxd4 33. Bxd4 Nf5 34. Nxe8+ Rxe8 35. c6 Nxd4 36. R1xd4 Rc8 37. Rd7 Bc5 38. Rxa7 Bxa7 39. Kf2 Bxd4+ 40. Ke2 g5 41. Kd3 Ba1 42. fxg5 hxg5 43.
Ke4 Rxc6 44. Kf5 Re6 45. Bd5 Rxe5+ 0-1

[Event "*** Titled Tuesday Blitz"]
[Site "Chess.com"]
[Date "2018.08.07"]
[Round "5"]
[White "senecacrane"]
[Black "tgpgoat"]
[Result "1-0"]
[WhiteElo "2130"]
[BlackElo "1990"]
[TimeControl "180+2"]
[EndTime "14:04:36 PDT"]
[Termination "senecacrane won on time"]

1. d4 Nf6 2. c4 c5 3. d5 b5 4. cxb5 a6 5. bxa6 g6 6. Nc3 Bxa6 7. g3 Bg7 8. Bg2 O-O 9. d6 Ra7 10. Nf3 Ne8 11. dxe7 Qxe7 12. Be3 Nc7 13. O-O Bb7 14. Bf4 d5 15. Bxc7 Qxc7 16. Nxd5 Qd6 17. Nc3 Qb6 18. Qc2 Nc6 19. e3 Nb4 20. Qb3 Ba6 21. Rfc1 c4 22. Qd1 Nd3 23. Rc2 Rb8 24. Nd5 Qc5 25. Nd2 Rxb2 26. Rxb2 Nxb2 27. Qc2 c3 28. Ne4 Qxd5 29. Nf6+ Bxf6 30. Bxd5 Bd3 31. Qb3 c2 32. Qb8+ Kg7 33.
Qxa7 Bc4 34. Qxf7+ 1-0

[Event "*** Titled Tuesday Blitz"]
[Site "Chess.com"]
[Date "2018.08.07"]
[Round "5"]
[White "jk13"]
[Black "gmjlh"]
[Result "1-0"]
[WhiteElo "2536"]
[BlackElo "2737"]
[TimeControl "180+2"]
[EndTime "14:04:37 PDT"]
[Termination "jk13 won on time"]

1. e4 c6 2. Nc3 d5 3. Nf3 dxe4 4. Nxe4 Nf6 5. Qe2 Nxe4 6. Qxe4 Qa5 7. Bc4 Bf5 8. Qe2 e6 9. O-O Nd7 10. d3 Bg4 11. h3 Bxf3 12. Qxf3 Ne5 13. Qe4 Nxc4 14. Qxc4 Qd5 15. Qg4 h5 16. Qe4 Bd6 17. Be3 a5 18. c4 Qxe4 19. dxe4 Be5 20. Rad1 a4 21. Rd2 Rd8 22.
Rfd1 Rxd2 23. Rxd2 f5 24. f4 Bf6 25. e5 Be7 26.
Kf2 h4 27. Kf3 b5 28. b3 axb3 29. axb3 bxc4 30. bxc4 Kf7 31. Rd7 Rd8 32. Rc7 Ke8 33.
Rxc6 Kf7 34. Rc7 Ke8 35. c5 Rb8 36. c6 Rb3 37. Ke2 Rb2+ 38. Kd3 Rb3+ 39. Ke2 Rb2+ 40. Kd1 Rb3 41. Ba7 g5 42. Rb7 Rc3 43. c7 Kf7 44.
Bb6 gxf4 45. Rb8 f3 46. gxf3 1-0

[Event "*** Titled Tuesday Blitz"]
[Site "Chess.com"]
[Date "2018.08.07"]
[Round "5"]
[White "Annawel"]
[Black "krzyzan94"]
[Result "1/2-1/2"]
[WhiteElo "2796"]
[BlackElo "2655"]
[TimeControl "180+2"]
[EndTime "14:04:40 PDT"]
[Termination "Game drawn by agreement"]

1. e4 c5 2. Nf3 g6 3. h4 h5 4. Bc4 Bg7 5. d3 Nc6 6. a3 d6 7. Nc3 a6 8. Ba2 Nd4 9. Nxd4 cxd4 10.
Qf3 Nf6 11. Ne2 Bg4 12. Qg3 Bxe2 13. Kxe2 Qd7 14. Bb3 Rc8 15. Re1 Qg4+ 16. Qxg4 hxg4 17. Rh1 Nd7 18. a4 Nc5 19. Bc4 Nxe4 20. a5 Nf6 21.
Ra4 O-O 22. Bg5 Rc5 23. Bb3 Nd7 24. Kd1 Bf6 25. Bd2 Kg7 26. g3 Ne5 27. Rxd4 Rfc8 28. Ra4 Rb5 29. Ra3 Nf3 30. c3 d5 31. d4 e5 32.
dxe5 Nxe5 33. h5 gxh5 34. Rxh5 Nc4 35. Bxc4 dxc4 36. Rxb5 axb5 37. a6 bxa6 38. Rxa6 Rd8 39. Ke2 Rd5 40. Rc6 Kg6 41. Be3 1/2-1/2

[Event "*** Titled Tuesday Blitz"]
[Site "Chess.com"]
[Date "2018.08.07"]
[Round "5"]
[White "maciek_92"]
[Black "Vuk2000"]
[Result "1-0"]
[WhiteElo "2722"]
[BlackElo "2674"]
[TimeControl "180+2"]
[EndTime "14:04:41 PDT"]
[Termination "maciek_92 won by resignation"]

1. c4 e5 2. Nc3 Nc6 3. g3 g6 4. Bg2 Bg7 5. e4 d6 6. Nge2 Be6 7. d3 Qd7 8. h3 Nge7 9. Be3 O-O 10. Qd2 Nd4 11. Bxd4 exd4 12. Nd5 f5 13. Nxe7+ Qxe7 14.
exf5 Bxf5 15. O-O c6 16. Rae1 Qf6 17. Kh2 Rae8 18. Nc1 Bd7 19. Rxe8 Rxe8 20. Re1 g5 21. Rxe8+ Bxe8 22. Qe2 Bg6 23. Nb3 h5 24. Nd2 Bh6 25. Be4 Bf7 26. Bf3 h4 27. Ne4 Qe5 28. Bh5 hxg3+ 29. fxg3 Be6 30. Bg4 Bf7 31. Qf2 Bg7 32. Qd2 d5 33. Nxg5 dxc4 34. Nxf7 Kxf7 35.
dxc4 d3 36. b3 Qd6 37. Bf5 Qd4 38. Bxd3 Kg8 39. Qe2 Qd6 40. Qe4 Be5 41. Qg6+ Kf8 42. Qxd6+ Bxd6 43. h4 Kg7 44. Kh3 Kf6 45. Kg4 a5 46. Kf3 Ke5 47. g4 Kd4 48. Bf5 b5 49.
cxb5 cxb5 50. Bd7 Be7 51. g5 b4 52. Kg4 Kc3 1-0

[Event "*** Titled Tuesday Blitz"]
[Site "Chess.com"]
[Date "2018.08.07"]
[Round "5"]
[White "W_Amadeus"]
[Black "pedromartinez91"]
[Result "1-0"]
[WhiteElo "2582"]
[BlackElo "2415"]
[TimeControl "180+2"]
[EndTime "14:04:41 PDT"]
[Termination "W_Amadeus won by resignation"]

1. d4 Nf6 2. c4 g6 3. Nc3 Bg7 4.
e4 O-O 5. Nf3 c6 6. Bd3 d5 7.
cxd5 cxd5 8. e5 Ne8 9. h3 Nc6 10.
O-O f6 11. exf6 Nxf6 12. Re1 Ne8 13. Bc2 e6 14. Ba4 Nd6 15. Bxc6 bxc6 16. Ne5 Qc7 17.
Bg5 Rb8 18. b3 Rb4 19. a3 Rb8 20. Rc1 Nf5 21. b4 a5 22. b5 cxb5 23. Nxb5 Qb6 24.
a4 h6 25. Be3 Bxe5 26. dxe5 Nxe3 27. Rxe3 Ba6 28. Qg4 g5 29. Nd6 Rbe8 30. Nxe8 Rxe8 31. Qh5 Re7 32. Qxh6 Rg7 33. Rg3 Qd8 34. Qxe6+ Kh7 35. Qxa6 d4 36. Qd3+ 1-0

[Event "*** Titled Tuesday Blitz"]
[Site "Chess.com"]
[Date "2018.08.07"]
[Round "5"]
[White "Makalexa"]
[Black "narutosmith"]
[Result "1-0"]
[WhiteElo "2073"]
[BlackElo "2096"]
[TimeControl "180+2"]
[EndTime "14:04:43 PDT"]
[Termination "Makalexa won by checkmate"]

1. e4 c5 2. Nf3 e6 3. d4 cxd4 4.
Nxd4 Nc6 5. Nc3 Qc7 6. g3 a6 7. Bg2 Nf6 8. O-O Nxd4 9. Qxd4 Bc5 10. Bf4 d6 11. Qd2 h6 12. Rad1 e5 13. Be3 Bxe3 14. fxe3 Be6 15. Qxd6 Qxd6 16. Rxd6 Ke7 17. Rb6 Rab8 18.
Nd5+ Bxd5 19. exd5 Ne8 20. Bh3 Nd6 21. b3 g6 22. c4 f5 23. c5 Ne4 24. Bxf5 gxf5 25.
Rxf5 Nxc5 26. b4 Nd3 27. Re6+ Kd7 28. Rf7+ Kd8 29. a3 Rc8 30. Rxb7 Rf8 31. Kg2 Rc2+ 32.
Kh3 Nf2+ 33. Kh4 Rc4+ 34. Kh5 Ng4 35. Rb8+ Kc7 36. Rxf8 Nxh2 37. d6+ Kd7 38. Rxh6 Ng4 39. Rf7+ Ke8 40. Re7+ Kf8 41. Rh8# 1-0

[Event "*** Titled Tuesday Blitz"]
[Site "Chess.com"]
[Date "2018.08.07"]
[Round "5"]
[White "Nyzhnyk_Illia"]
[Black "FairChess_on_YouTube"]
[Result "1-0"]
[WhiteElo "2775"]
[BlackElo "2952"]
[TimeControl "180+2"]
[EndTime "14:04:47 PDT"]
[Termination "Nyzhnyk_Illia won by resignation"]

1. Nf3 Nf6 2. d4 e6 3. Bf4 Be7 4. e3 Nh5 5. Be5 d6 6. Bg3 c5 7. c3 Nc6 8. Nbd2 Nxg3 9. hxg3 b6 10. Bd3 Bb7 11. Qe2 a6 12. g4 Qc7 13. Be4 d5 14.
Bd3 c4 15. Bc2 b5 16. a3 a5 17. e4 g6 18. Nf1 O-O-O 19. Ne3 Kb8 20. Nd2 Bg5 21.
exd5 exd5 22. Qf3 Rde8 23. Kf1 Ne7 24. Kg1 a4 25. Ndf1 Qd6 26. Re1 Bc8 27. g3 Ng8 28.
Qg2 Bd7 29. f4 Bd8 30. g5 f6 31. Bxg6 Re7 32. Bc2 fxg5 33. fxg5 Re8 34. g6 Nf6 35. gxh7 Ng4 36. Nf5 Qf6 37. Rxe8 Rxe8 38. Qf3 Qg5 39. h8=Q Rxh8 40. Rxh8 1-0

[Event "*** Titled Tuesday Blitz"]
[Site "Chess.com"]
[Date "2018.08.07"]
[Round "5"]
[White "BillieKimbah"]
[Black "Angry_Twin"]
[Result "1-0"]
[WhiteElo "2815"]
[BlackElo "2628"]
[TimeControl "180+2"]
[EndTime "14:04:52 PDT"]
[Termination "BillieKimbah won by resignation"]

1. Nf3 d5 2. e3 Nf6 3. c4 e6 4. b3 Be7 5. Bb2 O-O 6. Nc3 c5 7. cxd5 Nxd5 8. Qc2 Nb4 9. Qe4 N8c6 10. h4 f5 11. Qb1 Bf6 12. Be2 Kh8 13. h5 e5 14. a3 e4 15. axb4 exf3 16. Bxf3 Nxb4 17. O-O Nd3 18. Qc2 h6 19. Ra4 Be6 20. Ba1 Nb4 21.
Qd1 Qd7 22. Ne2 Bxa1 23. Rxa1 Rfd8 24. Nf4 Bf7 25. Qc1 Qb5 26. Qc3 Nc6 27. Rfc1 Bxb3 28. Rab1 c4 29. d3 Qa5 30. dxc4 Qxc3 31. Rxc3 Ba4 32. Rxb7 Rab8 33. Bxc6 Bxc6 34. Rxa7 Rb1+ 35. Kh2 Rdd1 36. Rd3 Rxd3 37. Nxd3 Be4 38. Nf4 Kg8 39. c5 Rc1 40. Rc7 Rc2 41. Kg3 Kh8 42. Rc8+ 1-0

[Event "*** Titled Tuesday Blitz"]
[Site "Chess.com"]
[Date "2018.08.07"]
[Round "5"]
[White "OK97"]
[Black "xberli"]
[Result "0-1"]
[WhiteElo "2732"]
[BlackElo "2486"]
[TimeControl "180+2"]
[EndTime "14:04:52 PDT"]
[Termination "xberli won by resignation"]

1. Nf3 Nf6 2. d4 g6 3. Bg5 Bg7 4. Nbd2 O-O 5. c3 d6 6. e4 c5 7. d5 a6 8. a4 Re8 9. Be2 e6 10. dxe6 Bxe6 11. O-O Qc7 12. Bxf6 Bxf6 13. Qc2 Nc6 14.
Rfd1 Rad8 15. Bc4 d5 16. exd5 Bxd5 17. Bxd5 Rxd5 18. Ne4 Rxd1+ 19. Rxd1 Be7 20. h3 Rd8 21. Re1 Ne5 22. Nxe5 Qxe5 23. Qc1 Kg7 24. Nd2 Qg5 25. Nc4 Qxc1 26. Rxc1 Bg5 27. Re1 b5 28. axb5 axb5 29.
Na3 b4 30. cxb4 cxb4 31. Nc4 Bf6 32. b3 Rd3 33. Rb1 Rc3 34. Kf1 h5 35. Ne3 Bd4 36. Ke2 Bxe3 37. fxe3 Kf6 38. Kf3 Ke5 39. g4 hxg4+ 40.
hxg4 f6 41. Rb2 f5 42. g5 Rd3 43. Rb1 f4 44. Ra1 Rxe3+ 45. Kf2 Rxb3 46. Ra6 Kf5 47. Ra5+ Kg4 48. Rb5 Rb2+ 0-1

[Event "*** Titled Tuesday Blitz"]
[Site "Chess.com"]
[Date "2018.08.07"]
[Round "5"]
[White "chess4life23"]
[Black "luca_va99"]
[Result "1-0"]
[WhiteElo "2298"]
[BlackElo "2342"]
[TimeControl "180+2"]
[EndTime "14:04:53 PDT"]
[Termination "chess4life23 won by checkmate"]

1. d4 d5 2. c4 dxc4 3. e3 e5 4.
Nf3 exd4 5. exd4 Bd6 6. Bxc4 Nf6 7. O-O O-O 8. Nc3 Nc6 9. a3 Bg4 10.
Be3 Qd7 11. Be2 Rad8 12. Bg5 Qf5 13. Qb1 Nxd4 14. Qxf5 Nxe2+ 15. Nxe2 Bxf5 16. Bxf6 gxf6 17. Ned4 Bg6 18. Nb5 a6 19. Nxd6 Rxd6 20. b4 Rd3 21. Rfc1 c6 22. Ne1 Rb3 23. Nf3 Rd8 24. h4 Rdd3 25. Nh2 Rxa3 26. Rxa3 Rxa3 27. Ng4 Kg7 28. Rd1 Bh5 29. Rd4 Bxg4 30. Rxg4+ Kf8 31. h5 h6 32. Rf4 Ra4 33. Rxf6 Rxb4 34. Rxh6 a5 35. Rh8+ Kg7 36. Ra8 a4 37. f3 b5 38. g4 Rb3 39.
Kg2 a3 40. Kg3 b4 41. g5 Rb2 42. Ra7 a2 43. g6 b3 44. Rxf7+ Kg8 45. h6 a1=Q 46.
h7+ Kh8 47. Rf8+ Kg7 48. h8=Q+ Kxg6 49. Rf6+ Kg5 50. Qh6# 1-0

[Event "*** Titled Tuesday Blitz"]
[Site "Chess.com"]
[Date "2018.08.07"]
[Round "5"]
[White "Mbneu"]
[Black "Karina_Oparina"]
[Result "1-0"]
[WhiteElo "2287"]
[BlackElo "2146"]
[TimeControl "180+2"]
[EndTime "14:04:54 PDT"]
[Termination "Mbneu won by checkmate"]

1. d4 Nf6 2. c4 e6 3. Nc3 Bb4 4. Bg5 c5 5. d5 d6 6. e3 e5 7. Bd3 h6 8. Bh4 Qa5 9. Ne2 Nbd7 10. O-O O-O 11. f4 Ne8 12. Be7 Qc7 13. Nb5 Qb8 14.
Bxf8 Nxf8 15. fxe5 dxe5 16. Ng3 a6 17. Nc3 Bxc3 18.
bxc3 Nd6 19. Qh5 f6 20. Ne4 Qc7 21. Nxd6 Qxd6 22. Bf5 Bxf5 23. Qxf5 b5 24. e4 Rb8 25.
Rab1 b4 26. cxb4 cxb4 27. Qf2 Nd7 28. Qa7 Qc5+ 29. Qxc5 Nxc5 30. Rfe1 Kf7 31. Kf2 Ke7 32.
Ke3 Kd6 33. Re2 Rb6 34. g4 Na4 35. Rc2 Kc5 36. h4 a5 37. g5 hxg5 38. hxg5 Rd6 39. gxf6 gxf6 40. Rf1 Nc3 41. Kd3 a4 42. Rxc3 bxc3 43.
Kxc3 Rb6 44. Rf2 Kd6 45. Rb2 Ra6 46. Rb5 Ra8 47. c5+ Kc7 48. Kb4 Rg8 49. d6+ Kc6 50. Rb6+ Kd7 51. Rb7+ Ke6 52. Re7# 1-0

[Event "*** Titled Tuesday Blitz"]
[Site "Chess.com"]
[Date "2018.08.07"]
[Round "5"]
[White "Litti"]
[Black "gena217"]
[Result "0-1"]
[WhiteElo "2465"]
[BlackElo "2718"]
[TimeControl "180+2"]
[EndTime "14:04:55 PDT"]
[Termination "gena217 won by resignation"]

1. e4 c6 2. d4 d5 3. Nd2 dxe4 4. Nxe4 Bf5 5. Ng3 Bg6 6. h4 h6 7. Nh3 e6 8. Nf4 Bh7 9. Bc4 Nf6 10. O-O Bd6 11. Re1 O-O 12. c3 Qc7 13. Ngh5 Nbd7 14. Qf3 Rae8 15. Bd2 Bf5 16. Nxf6+ Nxf6 17. Nh5 Nxh5 18.
Qxh5 c5 19. d5 Bg6 20. Qg4 Bf5 21. Qh5 Bf4 22. dxe6 fxe6 23. Rad1 Bxd2 24. Rxd2 Qf4 25. Qe2 Bg4 26. Qe4 Qxd2 27. f3 Bf5 28. Qe5 b6 29. Re2 Qd8 30. Qg3 Qf6 31. Re5 Kh8 32. Kh2 Rd8 33. Qf4 Bh7 34. Qg3 Qf4 35. Bxe6 Qxg3+ 36. Kxg3 Rde8 37. f4 Bg8 38. Bd7 Rd8 39. Bb5 Rd2 40.
a4 Rxb2 41. h5 Rd2 42. Re7 Bd5 43. Bf1 Rc2 44. f5 Rxc3+ 45. Kf4 Bc4 46. Bxc4 Rxc4+ 47. Ke5 Rxa4 48. g4 Rxg4 0-1

[Event "*** Titled Tuesday Blitz"]
[Site "Chess.com"]
[Date "2018.08.07"]
[Round "5"]
[White "PaulfromSPb"]
[Black "juniortay"]
[Result "1-0"]
[WhiteElo "2574"]
[BlackElo "2412"]
[TimeControl "180+2"]
[EndTime "14:04:56 PDT"]
[Termination "PaulfromSPb won by resignation"]

1. e4 e5 2. Nf3 Nf6 3. Nxe5 Nc6 4. Nxc6 dxc6 5. d3 Bc5 6. Be2 h5 7. Be3 Bxe3 8. fxe3 Ng4 9. Bxg4 hxg4 10. g3 Be6 11. Nc3 Qd6 12. Qe2 Qxg3+ 13. hxg3 Rxh1+ 14. Qf1 Rxf1+ 15.
Kxf1 Ke7 16. Kg2 b5 17. Ne2 Rh8 18. Nd4 Bd7 19. b4 a5 20. a3 Ra8 21. Nb3 axb4 22. axb4 Rxa1 23. Nxa1 Be6 24. c3 Kd6 25. Nc2 c5 26. d4 cxd4 27. exd4 f5 28. exf5 Bxf5 29. Ne3 Be6 30. Kf2 Ke7 31. Ke2 c6 32. Kd3 Kf6 33.
Ke4 g6 34. d5 cxd5+ 35. Nxd5+ Kf7 36. Ke5 Bxd5 37. Kxd5 Kf6 38. Kc5 Ke5 39. Kxb5 Ke4 40. c4 Kf3 41. c5 Kxg3 42. c6 Kf2 43. c7 g3 44. c8=Q g2 45. Qc5+ Kf1 46. Qc4+ Kf2 47. Qf4+ Ke1 48. Qe3+ Kf1 49. Qf3+ 1-0

[Event "*** Titled Tuesday Blitz"]
[Site "Chess.com"]
[Date "2018.08.07"]
[Round "5"]
[White "Zhigalko_Sergei"]
[Black "platy3"]
[Result "0-1"]
[WhiteElo "2851"]
[BlackElo "2743"]
[TimeControl "180+2"]
[EndTime "14:05:00 PDT"]
[Termination "platy3 won by resignation"]

1. e4 c5 2. Nf3 e6 3. c3 Nf6 4. e5 Nd5 5. Bc4 Nc6 6. d4 cxd4 7.
cxd4 d6 8. O-O Be7 9. Bd2 O-O 10. Nc3 Nb6 11. Bb3 dxe5 12. dxe5 Na5 13. Bc2 Nac4 14.
Qe2 Nxd2 15. Nxd2 Bd7 16. Qe4 g6 17. Qxb7 Bc8 18. Qe4 Qxd2 19. Rad1 Qh6 20. Rd3 Rb8 21. Rh3 Qg7 22. f4 Bb7 23. Qe2 Rfd8 24. Be4 Bxe4 25.
Nxe4 Nd5 26. Kh1 Rb4 27. g4 Rd4 28. a3 Nxf4 29. Rxf4 Qxe5 30. Rhf3 Rd1+ 31. Kg2 R1d2 32. Qxd2 Rxd2+ 33. Nxd2 Bg5 34. Rxf7 Bxd2 35. Rd7 Bf4 36.
b4 Qe2+ 37. Rf2 Qxg4+ 38. Kf1 Qh3+ 39. Ke2 e5 40. Rd3 Qh5+ 41. Kf1 Kg7 42. Rd5 Qh3+ 43. Ke2 Qe3+ 44. Kf1 Qxa3 45. Rd7+ Kh6 46. Kg2 Qxb4 47. Rf3 Qe4 48. Rd3 g5 49. Kg1 g4 50. Rde3 Bxe3+ 0-1

[Event "*** Titled Tuesday Blitz"]
[Site "Chess.com"]
[Date "2018.08.07"]
[Round "5"]
[White "NateSolon"]
[Black "ShimanovAlex"]
[Result "1/2-1/2"]
[WhiteElo "2513"]
[BlackElo "2762"]
[TimeControl "180+2"]
[EndTime "14:05:00 PDT"]
[Termination "Game drawn by agreement"]

1. d4 g6 2. e4 Bg7 3. Nc3 d6 4. f4 Nf6 5. Bd3 O-O 6. Nf3 Nc6 7.
Be2 Bg4 8. Be3 Bxf3 9. Bxf3 e5 10. fxe5 dxe5 11. d5 Nd4 12. O-O c6 13. Qd2 Rc8 14.
Rad1 cxd5 15. exd5 Ne8 16. Kh1 Nd6 17. Bxd4 exd4 18.
Ne4 Nc4 19. Qb4 Ne3 20. Qxb7 Nxf1 21. Rxf1 Rxc2 22. d6 d3 23. Qb3 Rxb2 24. Qxd3 Rxa2 25. Nc5 Qb6 26. Nd7 Qd4 27. Qxd4 Bxd4 28. Nxf8 Kxf8 29. Bd5 Ra1 30. Rxa1 Bxa1 31. d7 Bf6 32. g4 Bd8 33. Kg2 Ke7 34. Bc6 Kd6 35. Ba4 a5 36. Kf3 Ke5 37. h3 h6 38. Bb3 f5 39. gxf5 gxf5 40. Bc2 f4 41. Bb3 Kf5 42. Bc2+ Kg5 43. Bb3 Bc7 44. Bc2 Kh4 45. Kg2 h5 46. Bb3 Kg5 47.
Kf3 Kh4 48. Kg2 f3+ 49. Kxf3 Kxh3 50. Ke4 h4 51. Kf3 Kh2 52. Be6 a4 53. Ke4 h3 54.
Kd3 Kg3 55. Kc4 h2 56. Bd5 1/2-1/2

[Event "*** Titled Tuesday Blitz"]
[Site "Chess.com"]
[Date "2018.08.07"]
[Round "5"]
[White "Macron20hTF1"]
[Black "VeraNebolsina"]
[Result "1-0"]
[WhiteElo "2335"]
[BlackElo "2387"]
[TimeControl "180+2"]
[EndTime "14:05:00 PDT"]
[Termination "Macron20hTF1 won by resignation"]

1. e4 c5 2. Nf3 d6 3. d4 cxd4 4. Nxd4 Nf6 5. Nc3 a6 6. h3 e5 7.
Nde2 Be7 8. g4 Be6 9. Be3 Nc6 10.
Qd2 Qa5 11. Bg2 h6 12. a3 Qc7 13. Nd5 Bxd5 14. exd5 Na5 15. b3 b5 16. O-O O-O 17. a4 Rfc8 18. Rfc1 Nd7 19. f4 exf4 20. Bxf4 Bf6 21.
Ra2 Re8 22. axb5 axb5 23. Kh1 b4 24.
Nd4 Qb7 25. Nc6 Bc3 26. Qf2 Qb5 27. Bxd6 Nf6 28. Qc5 Qxc5 29. Bxc5 Nxb3 30. Rxa8 Nxc1 31. Rxe8+ Nxe8 32. d6 Nf6 33. Nxb4 Ne2 34. Bc6 Nf4 35. d7 Ne6 36. Be7 Bxb4 37. Bxb4 g5 38. Be7 1-0

[Event "*** Titled Tuesday Blitz"]
[Site "Chess.com"]
[Date "2018.08.07"]
[Round "5"]
[White "sandager"]
[Black "norwaytoadog"]
[Result "0-1"]
[WhiteElo "2037"]
[BlackElo "2136"]
[TimeControl "180+2"]
[EndTime "14:05:00 PDT"]
[Termination "norwaytoadog won by resignation"]

1. e4 e5 2. Nf3 Nc6 3. Bb5 a6 4. Ba4 Nf6 5. O-O Be7 6. Re1 b5 7. Bb3 d6 8. d3 O-O 9. Nbd2 Bb7 10. a4 h6 11. c3 Re8 12. Nf1 Bf8 13. Ng3 Qd7 14. Nf5 Kh7 15. h3 g6 16. Ne3 Bg7 17.
Nh2 Nd8 18. Qf3 Ne6 19. Nhg4 Nh5 20. Nd5 Nc5 21. Bc2 bxa4 22. Bxh6 Bxd5 23. Bxg7 Bb3 24. Nf6+ Nxf6 25. Bxf6 Qe6 26. Bxb3 axb3 27. g4 Nd7 28.
Bg5 f6 29. Be3 Kg7 30. Qe2 Rh8 31. Kg2 a5 32. f3 a4 33. d4 c5 34. Rad1 cxd4 35.
cxd4 Rhb8 36. dxe5 Nxe5 37. f4 Nc4 38. Rd5 Qxe4+ 39. Qf3 Qxf3+ 40. Kxf3 Nxe3 41. Rxe3 a3 42. bxa3 b2 43. Re7+ Kf8 44. Re6 b1=Q 45. Rxf6+ Kg7 46. g5 Rb3+ 47. Kg2 Qa2+ 0-1

[Event "*** Titled Tuesday Blitz"]
[Site "Chess.com"]
[Date "2018.08.07"]
[Round "5"]
[White "Chakraborty-ARZ"]
[Black "JSMastropiero"]
[Result "1/2-1/2"]
[WhiteElo "2426"]
[BlackElo "2321"]
[TimeControl "180+2"]
[EndTime "14:05:04 PDT"]
[Termination "Game drawn - insufficient material"]

1. d4 Nf6 2. Bf4 d5 3. e3 e6 4.
Bd3 Bd6 5. Nd2 c5 6. c3 Nc6 7.
Ngf3 O-O 8. Bg3 b6 9. O-O Bb7 10.
Ne5 Ne7 11. f4 Nf5 12. Bf2 Be7 13. Qf3 Nd6 14. Qh3 Nfe4 15. Ndf3 Rc8 16. Rad1 cxd4 17. cxd4 Nc4 18. Nxc4 dxc4 19. Bb1 f5 20. Ne5 Bf6 21. Be1 Qe7 22. a3 a5 23. Ba2 Bd5 24. g4 g6 25.
g5 Bxe5 26. dxe5 Rfd8 27. Qh6 Qc5 28. Bf2 c3 29. Bxd5 Rxd5 30. bxc3 Rcd8 31. Rxd5 Rxd5 32. Qh4 Rd2 33. Kg2 Qxe3 34. c4 Qe2 35. a4 Qxc4 36. Qh3 Qxa4 37. Qe3 Qa2 38. Qxb6 Rxf2+ 39. Rxf2 Qxf2+ 40. Qxf2 Nxf2 41. Kxf2 Kf7 42. Ke3 Ke7 43. Kd4 Kd7 44.
Kc5 Kc7 45. Kb5 a4 46. Kxa4 Kc6 47. Ka5 Kd5 48. Kb6 Ke4 49. Kc6 Kxf4 50. Kd6 Kxg5 51. Kxe6 f4 52. Kd7 f3 53. e6 f2 54. e7 f1=Q 55.
e8=Q Qb5+ 56. Ke7 Qxe8+ 57. Kxe8 Kh4 58. Kf7 g5 59. Kf6 h5 60. Kf5 g4 61. Kg6 Kh3 62.
Kxh5 g3 63. hxg3 Kxg3 1/2-1/2

[Event "*** Titled Tuesday Blitz"]
[Site "Chess.com"]
[Date "2018.08.07"]
[Round "5"]
[White "LucaBrasi1968"]
[Black "KamilPlichta"]
[Result "0-1"]
[WhiteElo "2463"]
[BlackElo "2605"]
[TimeControl "180+2"]
[EndTime "14:05:11 PDT"]
[Termination "KamilPlichta won by resignation"]

1. d4 g6 2. c3 Bg7 3. Bg5 d6 4. Nf3 a6 5. a4 b6 6. e3 Bb7 7.
Bd3 Nd7 8. Nbd2 h6 9. Bh4 Ngf6 10. Qe2 e5 11. e4 Qe7 12. O-O g5 13. Bg3 h5 14. h4 g4 15. Ng5 Nh7 16. Nxh7 Rxh7 17. dxe5 Bxe5 18. Nc4 a5 19. Nxe5 Nxe5 20. Bb5+ Kf8 21.
Qe3 Kg8 22. Bf4 Ng6 23. Bg5 f6 24. Bc4+ Kg7 25. Bf4 Nxf4 26. Qxf4 Qxe4 27. Qxe4 Bxe4 28. Rfe1 Re8 29. f3 gxf3 30. gxf3 Bc6 31. Rxe8 Bxe8 32. b3 Kf8 33. Kf2 Re7 34. Rg1 Bf7 35. Bxf7 Kxf7 36. Rd1 Re5 37. Rd4 Rc5 38. c4 Re5 39.
Rd1 Re8 40. Rg1 Rd8 41. Rd1 c6 42. Ke3 d5 43. Kf4 d4 44. Ke4 Re8+ 45. Kf4 c5 46. Rb1 Re3 47. Rb2 Ke6 48. Rb1 Re2 49. Rd1 Rh2 50. Kg3 Rb2 51. Rd3 Kf5 0-1

[Event "*** Titled Tuesday Blitz"]
[Site "Chess.com"]
[Date "2018.08.07"]
[Round "5"]
[White "hypert"]
[Black "b_6"]
[Result "1-0"]
[WhiteElo "2349"]
[BlackElo "2366"]
[TimeControl "180+2"]
[EndTime "14:05:13 PDT"]
[Termination "hypert won by resignation"]

1. e4 e6 2. d4 d5 3. Nc3 Bb4 4. e5 Ne7 5. a3 Bxc3+ 6. bxc3 c5 7. a4 Qa5 8. Qd2 Nbc6 9. Nf3 Bd7 10. Bb5 Nxe5 11. Nxe5 Bxb5 12. Ba3 Ba6 13. Bxc5 Qc7 14. Qf4 Nc6 15. Kd2 Nxe5 16. Qxe5 Qxe5 17. dxe5 Kd7 18. h4 Rhc8 19. Bd4 Ke7 20. h5 h6 21.
a5 Bb5 22. Rab1 a6 23. Rb4 Rc4 24. Rh3 Rac8 25. Rg3 Kf8 26. f4 R8c6 27. Rh3 Rc8 28. Rh1 R8c6 29. g4 Rxb4 30. cxb4 Rc4 31. c3 Bd7 32.
Rf1 g6 33. Rh1 Kg7 34. g5 gxh5 35. Rxh5 hxg5 36. Rxg5+ Kf8 37. Kd3 Bb5 38. Ke3 Ke7 39. f5 exf5 40. Rxf5 Rc8 41. Bc5+ Ke6 42. Kf4 Be8 43.
Rf6+ Kd7 44. Rd6+ Kc7 45. Kf5 Bd7+ 46. Kf6 Be6 47. Rb6 Re8 48. b5 axb5 49. Bd6+ Kc8 50. Rxb5 Rd8 51. Rc5+ Kd7 52. Rc7+ Ke8 53. Re7+ Kf8 54.
Rxb7+ Kg8 55. a6 Ra8 56. a7 Kh7 57. Bb8 Kh6 58. Rxf7 Bxf7 59. Kxf7 d4 60. cxd4 1-0

[Event "*** Titled Tuesday Blitz"]
[Site "Chess.com"]
[Date "2018.08.07"]
[Round "5"]
[White "Mr_Penings"]
[Black "Tash_Boy"]
[Result "1-0"]
[WhiteElo "2499"]
[BlackElo "2563"]
[TimeControl "180+2"]
[EndTime "14:05:14 PDT"]
[Termination "Mr_Penings won by checkmate"]

1. c4 Nf6 2. Nc3 g6 3. e4 d6 4. g3 Bg7 5. Bg2 O-O 6. Nge2 c5 7. O-O Nc6 8. d3 Ne8 9. Be3 Nd4 10. Rb1 a5 11. Qd2 Nc7 12. Bh6 e5 13. Bxg7 Kxg7 14. f4 f5 15. Nxd4 cxd4 16. Nd5 Nxd5 17. exd5 Re8 18. Rfe1 Bd7 19. a3 b6 20. b4 axb4 21.
Qxb4 Qf6 22. Qxb6 Rxa3 23. Qc7 Re7 24. Rb7 Kh6 25. Qd8 Qf7 26. fxe5 dxe5 27. d6 Re6 28. Rxd7 Qf6 29. Qxf6 Rxf6 30. c5 Rxd3 31. c6 Rc3 32. c7 d3 33. Rd8 d2 34. Rd1 Rc1 35. Bf3 Rxd6 36. Rxd6 Rxc7 37. R6xd2 e4 38. Be2 Kg5 39. h4+ Kh6 40. Kf2 Rc3 41. Rd7 Rb3 42. Re7 f4 43.
gxf4 Rh3 44. Rdd7 Rh2+ 45. Kg3 g5 46. hxg5+ Kg6 47. Rd6+ Kf5 48. Bg4# 1-0

[Event "*** Titled Tuesday Blitz"]
[Site "Chess.com"]
[Date "2018.08.07"]
[Round "5"]
[White "Hrant_ChessMood"]
[Black "JozefKneht"]
[Result "0-1"]
[WhiteElo "2979"]
[BlackElo "2350"]
[TimeControl "180+2"]
[EndTime "14:05:16 PDT"]
[Termination "JozefKneht won on time"]

1. d4 d5 2. c4 c6 3. Nf3 Nf6 4. Nc3 dxc4 5. e4 b5 6. Be2 e6 7. O-O a6 8. e5 Nd5 9. Ne4 Bb7 10. Bg5 Qc7 11. Rc1 h6 12. Bh4 Nd7 13. b3 cxb3 14. Qxb3 Qb6 15. a4 Bb4 16. Nd6+ Bxd6 17. exd6 b4 18. Rfd1 a5 19. Ne5 g5 20. Bg3 Nxe5 21.
Bxe5 f6 22. Bh5+ Kd7 23. Bg3 Rhf8 24. Rc5 Rad8 25. Rdc1 Nf4 26. Bxf4 gxf4 27. Bf3 Kxd6 28. Bxc6 Bxc6 29. Rxc6+ Qxc6 30. Rxc6+ Kxc6 31. Qxe6+ Rd6 32. Qc4+ Kb7 33. h4 Rc8 34. Qd3 Rb6 35. Qb3 Rc3 36.
Qd5+ Ka7 37. Qxa5+ Kb7 38. Qd5+ Ka7 39. Qa5+ Kb7 40.
Qd5+ Ka7 41. a5 Rb7 42. a6 Kxa6 0-1